 Dungeon Crawl Stone Soup version 0.32-a0-872-g59262bdc9b (webtiles) character file.

Game seed: 13171264511343321686

431 Aldia the Chopper (level 6, 19/56 HPs)
             Began as a Mountain Dwarf Monk on Mar 31, 2024.
             Was a Believer of Beogh.
             Quit the game on level 4 of the Dungeon.
             The game lasted 00:06:03 (3903 turns).

Aldia the Chopper (Mountain Dwarf Monk)             Turns: 3903, Time: 00:06:04

Health: 19/56      AC:  9    Str: 15    XL:     6   Next: 66%
Magic:  6/6        EV:  6    Int: 11    God:    Beogh [**....]
Gold:   189        SH:  5    Dex: 12    Spells: 5/5 levels left

rFire   . . .        y - +0 war axe
rCold   . . .        d - orb {light}
rNeg    . . .        n - +0 chain mail
rPois   .            (no helmet)
rElec   .            (no cloak)
rCorr   .            (no gloves)
SInv    .            (no boots)
Will    .....        j - amulet of reflection Stlth
                     (no ring)
HPRegen 0.29/turn    (no ring)
MPRegen 0.10/turn

%: reflection
@: glowing
A: runic magic, artefact enchanting
a: Renounce Religion, Smiting


You were on level 4 of the Dungeon.
You worshipped Beogh.
Beogh was pleased with you.
You visited 1 branch of the dungeon, and saw 4 of its levels.
You also visited: Sewer.

You collected 189 gold pieces.

Inventory:

Hand Weapons
 a - a +0 hand axe
 y - a +0 war axe (weapon)
Armour
 b - a +0 robe
 d - an orb of light (worn)
 e - a +0 ring mail
 n - a +0 chain mail (worn)
Jewellery
 j - an amulet of reflection (around neck)
Scrolls
 c - a scroll of fog {unknown}
 f - 2 scrolls of noise {unknown}
 g - a scroll of blinking
 h - a scroll of revelation {unknown}
 o - a scroll of fear {unknown}
 q - a scroll of vulnerability {unknown}
 s - a scroll of poison {unknown}
 t - a scroll of identify {unknown}
 x - 2 scrolls of teleportation {unknown}
 z - a scroll of amnesia {unknown}
 A - a scroll of brand weapon {unknown}
 B - a scroll of acquirement {unknown}
 D - 2 scrolls of enchant armour {unknown}
Potions
 i - a potion of enlightenment {unknown}
 k - a potion of berserk rage {unknown}
 l - 2 potions of magic {unknown}
 m - 2 potions of resistance {unknown}
 p - 2 potions of lignification {unknown}
 r - a potion of brilliance {unknown}
 u - 2 potions of might {unknown}
 v - 2 potions of mutation {unknown}
 w - 2 potions of haste {unknown}
 C - 2 potions of curing
 E - a potion of heal wounds {unknown}
 F - a potion of invisibility {unknown}


   Skills:
 + Level 5.0 Fighting
 * Level 6.9 Axes
 + Level 3.5 Armour
 - Level 2.1 Dodging
 + Level 0.3 Invocations


You had 5 spell levels left.
You didn't know any spells.
Your spell library contained the following spells:

 Spells                   Type           Power      Damage    Failure   Level
 Inner Flame              Hex/Fire       0%         N/A       90%         3
 Teleport Other           Tloc           0%         N/A       90%         3
 Flame Wave               Conj/Fire      0%         2d4       100%        4
 Sticky Flame             Fire/Alch      0%         2d4       100%        4
 Dispersal                Tloc           0%         N/A       100%        6
 Gell's Gavotte           Tloc           0%         2d(11-16) 100%        6


Dungeon Overview and Level Annotations

Branches:
Dungeon (4/15)              Sewer (visited)
 Temple: D:4-7

Altars:
Kikubaaqudgha
Makhleb
Jiyva

Annotations:
D:1 2 runed translucent doors
D:2 1 runed translucent door, Crazy Yiuf


Innate Abilities, Weirdness & Mutations

Your facial features look somewhat orcish.
Your spellcasting is much less encumbered by armour.
You can use scrolls of enchantment on lesser artefacts.


Message History

The orc priest hits you but does no damage.
You see here a fuming cyan potion.
The orc priest barely misses you. The orc priest closely misses you.
You see here 14 gold pieces.
The orc priest mumbles some strange prayers to Beogh against you.
Beogh smites you!
The orc priest invokes the aid of Beogh against you.
Pain shoots through your body!
* * * LOW HITPOINT WARNING * * *
You hit the orc priest but do no damage.
The orc priest hits you with a +0 whip.
* * * LOW HITPOINT WARNING * * *
You hit the orc priest.
The orc priest is moderately wounded.
The orc priest barely misses you.
You slash the orc priest!
The orc priest is severely wounded.
The orc priest hits you but does no damage. x2
You hit the orc priest.
The orc priest is severely wounded.
The orc priest barely misses you.
You hit the orc priest.
The orc priest is almost dead.
The orc priest completely misses you.
You barely miss the orc priest.
The orc priest is almost dead.
The orc priest hits you with a +0 whip.
* * * LOW HITPOINT WARNING * * *
You slash the orc priest!
You kill the orc priest!
Beogh accepts your kill.
Beogh appreciates your killing of a heretic priest.
Your Fighting skill increases to level 5!
Things that are here:
a +0 whip; a +0 scale mail; an orc corpse
F - a fuming cyan potion You now have 189 gold pieces (gained 14).
Found a long sword.
Are you sure you want to abandon this character and quit the game? (Confirm with "yes".)

######.##### ##.
#..........# ##
#..........#####
#..........#....
#..........#.###
# #............#
#.##
#..........###
#..)##..........#
#.@.........).#
####......#####
#......# #......#
########


There were no monsters in sight!

Vanquished Creatures
  2 bullfrogs (Sewer)
  An orc priest (D:4)
  Natasha (D:3)
  8 adders
  3 gnolls (D:3)
  5 river rats (Sewer)
  3 ribbon worms
  A dart slug (D:2)
  2 bats (D:3)
  8 endoplasms
  4 giant cockroaches
  3 goblins
  6 hobgoblins
  6 jackals (D:1)
  5 kobolds
  5 quokkas
  11 ball pythons
  8 frilled lizards
  22 rats
104 creatures vanquished.

Notes
Turn   | Place    | Note
-------+----------+-------------------------------------------
     0 | D:1      | Aldia the Mountain Dwarf Monk began the quest for the Orb.
     0 | D:1      | Reached XP level 1. HP: 19/19 MP: 1/1
   617 | D:1      | Reached skill level 4 in Axes
   617 | D:1      | Reached XP level 2. HP: 26/26 MP: 2/2
   672 | D:1      | Reached skill level 1 in Armour
  1001 | D:1      | Found a large runed translucent door.
  1001 | D:1      | Found a large runed translucent door.
  1001 | D:1      | Found a viscous altar of Jiyva.
  1007 | D:1      | Reached XP level 3. HP: 27/31 MP: 3/3
  1611 | D:2      | Found a faded altar of an unknown god.
  1743 | D:2      | Found a runed translucent door.
  1744 | D:2      | Noticed Crazy Yiuf
  1893 | D:2      | Reached XP level 4. HP: 32/40 MP: 4/4
  1953 | D:2      | Reached skill level 5 in Axes
  1962 | D:2      | Found an ancient bone altar of Kikubaaqudgha.
  2805 | D:3      | Found a burning altar of Makhleb.
  2942 | D:3      | Noticed Natasha
  2953 | D:3      | Killed Natasha
  3177 | D:4      | Reached XP level 5. HP: 38/46 MP: 5/5
  3254 | D:4      | Found an ancient bone altar of Kikubaaqudgha.
  3271 | D:4      | Found a glowing drain.
  3280 | Sewer    | Entered a sewer
  3408 | Sewer    | Reached skill level 6 in Axes
  3611 | Sewer    | Reached XP level 6. HP: 21/53 MP: 6/6
  3871 | D:4      | Became a worshipper of Beogh the Shepherd
  3871 | D:4      | Reached * piety under Beogh
  3871 | D:4      | Reached ** piety under Beogh
  3887 | D:4      | Reached skill level 5 in Fighting
  3903 | D:4      | Quit the game

Illustrated notes

Levels and vault maps discovered:
D:1:      erik_arrival_cave_to_civilisation [erik_arrival_cave_to_temple],
          layout_loops_corners
D:2:      layout_loops_ring, hellmonk_ecumenical_altar_zigzags, basic_altar,
          nrook_mini_backslash, uniq_crazy_yiuf_cottage
D:3:      layout_loops_ring, makhleb_altar_promises_db, uniq_natasha
D:4:      cheibrodos_helix_gallery, layout_rooms, kiku_gazebo_garden_becter,
          cheibrodos_sewer_entry_drain

Skill      XL: |  1  2  3  4  5  6 |
---------------+-------------------+-----
Axes           | 4 5 6 |  6.9
Armour         | 1 2 3 |  3.5
Fighting       | 4 5 |  5.0
Dodging        | |  2.1
Invocations    | |  0.3

Action                     |  1- 3 |  4- 6 || total
---------------------------+-------+-------++-------
  Melee: Hand axe          |   143 |    80 ||   223
         War axe           |       |   104 ||   104
 Invoke: Convert to Beogh  |       |     1 ||     1
    Use: Scroll            |     1 |     1 ||     2
         Potion            |       |     2 ||     2
 Armour: Ring mail         |    44 |       ||    44
         Chain mail        |    51 |   290 ||   341
  Dodge: Dodged            |    66 |    97 ||   163

Table legend: (Time is in decaauts)
 A = Elapsed time spent in this place.
 B = Non-inter-level travel time spent in this place.
 C = Inter-level travel time spent in this place.
 D = Time resting spent in this place.
 E = Time spent auto-exploring this place.
 F = Levels seen in this place.
 G = Mean time per level.
                   A        B        C        D        E       F      G
               +--------+--------+--------+--------+--------+-----+--------+
         Total |   4000 |   3859 |    141 |      0 |   3018 |   5 |  800.0 |
       Dungeon |   3446 |   3305 |    141 |      0 |   2654 |   4 |  861.5 |
         Sewer |    554 |    554 |      0 |      0 |    363 |   1 |  554.0 |
               +--------+--------+--------+--------+--------+-----+--------+

Top non-repeatable levels by time:
     D:1: 1346 daAuts
     D:2: 918 daAuts
     D:3: 901 daAuts
   Sewer: 554 daAuts
     D:4: 280 daAuts
